 Dungeon Crawl Stone Soup version 0.30-a0-266-g2b27a225a3 (webtiles) character file.

Game seed: 1911977782089917021

95 MrRokkomies the Sneak (level 4, -6/40 HPs)
             Began as an Armataur Delver on Oct 14, 2022.
             Killed from afar by an orc wizard (7 damage)
             ... with a magic dart
             ... on level 4 of the Dungeon.
             The game lasted 00:00:50 (210 turns).

MrRokkomies the Sneak (Armataur Delver)              Turns: 210, Time: 00:00:50

Health: -6/40      AC:  4    Str: 17    XL:     4   Next: 40%
Magic:  4/4        EV:  9    Int: 11    God:
Gold:   0          SH:  0    Dex: 13    Spells: 3/3 levels left

rFire   . . .      SeeInvis .    f - +0 dagger (venom)
rCold   . . .      Faith    .    (no shield)
rNeg    . . .      Spirit   .    b - +0 leather armour
rPois   .          Reflect  .    (no helmet)
rElec   .          Harm     .    (no cloak)
rCorr   .          Roll     +    (no gloves)
Will    .....                    (no barding)
Stlth   +++.......               (no amulet)
HPRegen 0.26/turn                (no ring)
MPRegen 0.09/turn                (no ring)

@: no status effects
A: large, rugged brown scales 3, deformed body, armoured tail, roll, long
tongue, awkward tongue
a: no special abilities


You were on level 4 of the Dungeon.
You visited 1 branch of the dungeon, and saw 2 of its levels.

Inventory:

Hand Weapons
 a - a +0 mace
 f - a +0 dagger of venom (weapon)
Armour
 b - a +0 leather armour (worn)
Wands
 g - a wand of digging (3)
Scrolls
 c - a scroll of fog
 d - a scroll of magic mapping
 e - a scroll of fear


   Skills:
 * Level 3.5 Fighting
 - Level 1.8 Maces & Flails
 * Level 2.5 Armour
 + Level 1.9 Dodging
 + Level 5.9 Stealth


You had 3 spell levels left.
You didn't know any spells.
Your spell library was empty.

Dungeon Overview and Level Annotations

Branches:
Dungeon (5/15)
 Temple: D:4-7

Altars:


Innate Abilities, Weirdness & Mutations

You are completely covered in rugged brown scales. (AC +3, +7% HP)
Armour fits poorly on your strangely shaped body.
You have a long armoured tail.
You roll when moving toward enemies. (Rampage)
Your long tongue fully drains potion bottles. (2x potion effects)
Your tongue gives you trouble enunciating. (1.5x scroll delay)


Message History

The goblin barely misses you.
You hit the orc priest.
You kill the orc priest!
The orc priest miscasts a cantrip.
The goblin barely misses you.
You have reached level 4!
You feel clever.
You closely miss the orc.
The orc priest looks encouraged for a moment.
The orc barely misses you. The goblin hits you but does no damage.
You hit the orc.
The orc is poisoned.
The orc is lightly wounded.
The orc hits you with a +2 dagger of electrocution.
The goblin hits you but does no damage.
You hit the orc.
You kill the orc!
A magic dart appears from out of thin air!
The magic dart hits you.
* * * LOW HITPOINT WARNING * * *
The goblin hits you with a +0 dagger.
* * * LOW HITPOINT WARNING * * *
The orc priest mumbles some strange prayers to Beogh against you.
Beogh smites you!
* * * LOW HITPOINT WARNING * * *
You aren't carrying any potions.
You miss the goblin.
The orc priest invokes the aid of Beogh against you.
The goblin barely misses you.
You hit the goblin.
The goblin is poisoned.
You tail-slap the goblin.
You kill the goblin!
Something hits you.
* * * LOW HITPOINT WARNING * * *
Something unexpectedly blocked you, preventing you from rolling!
You hit something. Something hits you but does no damage.
Something unexpectedly blocked you, preventing you from rolling!
You barely miss something. You tail-slap something.
You hear some strange, mumbled words.
A magic dart appears from out of thin air!
The magic dart hits you!
You die...

#.#.... ##.#...#
...... # ##..g..
#.#.....
#.#.#..#
#......####.####
#.#..)@{{o....
##.#..####.####
#......#
##>###......
###.####
#...###.####
#......# #..##
.# #.#.##.# #)##
.# ##.#.##.# #)#
.. #.......# #)#
. #..#.##†#


You could see an orc priest.

Vanquished Creatures
  2 orc priests (D:4)
  An orc wizard (D:4)
  3 orcs (D:4)
  2 ball pythons (D:4)
  An endoplasm (D:4)
  A goblin (D:4)
  A hobgoblin (D:4)
11 creatures vanquished.

Notes
Turn   | Place    | Note
-------+----------+-------------------------------------------
     0 | D:5      | MrRokkomies the Armataur Delver began the quest for the
                  | Orb.
     0 | D:5      | Reached XP level 1. HP: 19/19 MP: 1/1
    44 | D:4      | Noticed an orc wizard
    44 | D:4      | Noticed an orc priest
    49 | D:4      | Killed an orc priest
    50 | D:4      | Reached skill level 1 in Armour
    50 | D:4      | Reached XP level 2. HP: 12/27 MP: 2/2
    50 | D:4      | Reached XP level 3. HP: 15/33 MP: 3/3
   204 | D:4      | Reached XP level 4. HP: 22/40 MP: 4/4
   206 | D:4      | HP: 1/40 [orc priest/divine providence (10)]
   210 | D:4      | Killed from afar by an orc wizard

Illustrated notes

Levels and vault maps discovered:
D:4:      layout_loops_cross, minmay_temple_entry_proselytizer,
          lightli_sewer_entry_pipes, gammafunk_ghost_abyssal_escape
D:5:      layout_loops_ring, nicolae_tso_swordbearing_angel,
          mainiacjoe_overflow_chevrons, corner_web_ring,
          minmay_misc_feat_encased, kennysheep_decorative_pillar

Skill      XL: |  1  2  3 |
---------------+----------+-----
Fighting       | 3 |  3.5
Armour         | 1 2 |  2.5
Maces & Flails | |  1.8
Dodging        | |  1.9
Stealth        | |  5.9

Action                   |  1- 3 |  4- 6 || total
-------------------------+-------+-------++-------
Melee: Mace              |    14 |       ||    14
       Tailslap          |     4 |     2 ||     6
       Dagger            |     6 |     7 ||    13
  Use: Potion            |     1 |       ||     1
 Stab: Sleeping          |     2 |       ||     2
Armor: Leather armour    |       |     3 ||     3
Dodge: Dodged            |     9 |     2 ||    11

Table legend: (Time is in decaauts)
 A = Elapsed time spent in this place.
 B = Non-inter-level travel time spent in this place.
 C = Inter-level travel time spent in this place.
 D = Time resting spent in this place.
 E = Time spent auto-exploring this place.
 F = Levels seen in this place.
 G = Mean time per level.
                   A        B        C        D        E       F      G
               +--------+--------+--------+--------+--------+-----+--------+
         Total |    195 |    195 |      0 |    115 |     37 |   2 |   97.5 |
       Dungeon |    195 |    195 |      0 |    115 |     37 |   2 |   97.5 |
               +--------+--------+--------+--------+--------+-----+--------+

Top non-repeatable levels by time:
     D:4: 193 daAuts
     D:5: 2 daAuts
